 Dungeon Crawl Stone Soup version 0.29-a0-509-g793eeb5391 (webtiles) character file.

Game seed: 18052893645847189891

72 LabCoat the Chopper (level 4, 0/40 HPs)
             Began as a Hill Orc Fighter on May 29, 2022.
             Succumbed to a gnoll sergeant's poison
             ... on level 3 of the Dungeon.
             The game lasted 00:06:38 (2316 turns).

LabCoat the Chopper (Hill Orc Fighter)              Turns: 2316, Time: 00:06:39

Health: 0/40       AC:  8    Str: 20    XL:     4   Next: 26%
Magic:  4/4        EV:  9    Int:  8    God:
Gold:   189        SH:  4    Dex: 10    Spells: 3/3 levels left

rFire   . . .      SeeInvis .   a - +0 war axe
rCold   . . .      Faith    .   c - +0 buckler
rNeg    . . .      Spirit   .   b - +0 scale mail
rPois   .          Reflect  .   (no helmet)
rElec   .          Harm     .   (no cloak)
rCorr   .          Rampage  .   (no gloves)
Will    .....                   l - +0 pair of boots
Stlth   ..........              (no amulet)
HPRegen 0.13/turn               (no ring)
MPRegen 0.09/turn               (no ring)

@: mighty, lethally poisoned (0 -> -6), hasted, very quick
A: no striking features
a: no special abilities


You were on level 3 of the Dungeon.
You visited 1 branch of the dungeon, and saw 3 of its levels.

You collected 189 gold pieces.

Inventory:

Hand Weapons
 a - a +0 war axe (weapon)
Missiles
 j - 8 javelins (quivered)
 p - 5 poisoned darts
Armour
 b - a +0 scale mail (worn)
 c - a +0 buckler (worn)
 l - a +0 pair of boots (worn)
Magical Staves
 n - a staff of earth
Jewellery
 g - a ring of magical power
Scrolls
 f - a scroll of teleportation
 h - a scroll of fog
 i - 3 scrolls of identify
 k - a scroll of noise
 m - a scroll of immolation {unknown}
Potions
 d - a potion of might
 e - 2 potions of haste
 o - a potion of curing {unknown}


   Skills:
 + Level 4.1 Fighting
 * Level 4.3 Axes
 + Level 4.0 Armour
 + Level 3.5 Shields


You had 3 spell levels left.
You didn't know any spells.
Your spell library contained the following spells:

 Spells                   Type           Power      Damage    Failure   Level
 Conjure Flame            Conj/Fire      0%         6-21      99%         3
 Gell's Gravitas          Tloc           0%         N/A       99%         3
 Ignite Poison            Fire/Tmut/Pois 0%         N/A       99%         3
 Teleport Other           Tloc           0%         N/A       99%         3
 Sticky Flame             Conj/Fire      0%         2d3       100%        4
 Dispersal                Tloc           0%         N/A       100%        6


Dungeon Overview and Level Annotations

Branches:
Dungeon (3/15)

Altars:


Message History

You throw a javelin. The javelin barely misses the gnoll.
The javelin closely misses the gnoll.
The javelin barely misses the gnoll sergeant.
A gnoll comes into view. It is wielding a +0 flail.
Throw: 9 javelins
Press: ? - help, Q - select action, (/) - cycle Shift-Dir - straight line, f/p - gnoll
Aim: a gnoll, wielding a +0 club (61% to hit)
You throw a javelin. The javelin barely misses the gnoll.
The javelin pierces through the gnoll but does no damage.
The gnoll is almost dead.
The javelin barely misses the gnoll sergeant.
The javelin pierces through the gnoll!
The gnoll is heavily wounded.
You barely miss the gnoll. You block the gnoll's attack.
A gnoll comes into view. It is wielding a +0 flail.
The gnoll hits you with a +0 club.
The gnoll sergeant hits you from afar with a +0 spear of venom.
You are poisoned.
A gnoll comes into view. It is wielding a +0 whip.
The gnoll hits you with a +0 halberd! The gnoll hits you with a +0 club!
You feel very mighty all of a sudden.
You feel very sick. You block the gnoll sergeant's attack.
The gnoll hits you but does no damage. x2
You hit the gnoll.
You kill the gnoll!
You slash the gnoll! You hit the gnoll.
* * * LOW HITPOINT WARNING * * *
You feel very sick.
The gnoll sergeant completely misses you.
The gnoll barely misses you. The gnoll hits you with a +0 flail.
* * * LOW HITPOINT WARNING * * *
The gnoll attacks as you move away! The gnoll closely misses you.
* * * LOW HITPOINT WARNING * * *
You feel sick. The gnoll sergeant barely misses you.
The gnoll hits you with a +0 flail.
* * * LOW HITPOINT WARNING * * *
Things that are here:
a +0 halberd; 9 gold pieces You feel yourself speed up.
You die...

....)......# #...#
......)....###.#.#
.....†...........#
#######'#######..#
# #.# #..# #
#####.##### #..# #
#...'.'...# #..# #
#.###.###.# #.g# #
#.# #.# #g@#
###'###.### #gg#
'.......... +..#
###'###.### #.g# #
#.# #.# #..# # #.#
#.# #.(# # #..
#..# # ### #..# #


You could see a gnoll sergeant and 4 gnolls.

Vanquished Creatures
  A gnoll (D:3)
  An adder (D:2)
  A worm (D:2)
  A dart slug (D:1)
  A ball python (D:3)
  6 bats
  7 endoplasms
  2 giant cockroaches
  4 goblins
  7 hobgoblins
  5 kobolds
  6 frilled lizards
  4 rats
46 creatures vanquished.

Vanquished Creatures (others)
  2 plants (D:1)
2 creatures vanquished.

Grand Total: 48 creatures vanquished

Notes
Turn   | Place    | Note
-------+----------+-------------------------------------------
     0 | D:1      | LabCoat the Hill Orc Fighter began the quest for the Orb.
     0 | D:1      | Reached XP level 1. HP: 19/19 MP: 1/1
   325 | D:1      | Reached XP level 2. HP: 21/27 MP: 2/2
  1138 | D:1      | Reached XP level 3. HP: 33/33 MP: 3/3
  1250 | D:1      | Found a faded altar of an unknown god.
  2129 | D:3      | Reached XP level 4. HP: 40/40 MP: 4/4
  2308 | D:3      | Noticed a gnoll sergeant
  2315 | D:3      | HP: 2/40 [gnoll/+0 flail[a gnoll sergeant] (5)]
  2316 | D:3      | Succumbed to a gnoll sergeant's poison

Illustrated notes

Levels and vault maps discovered:
D:1:      psy_arrival_conway, layout_loops_corners,
          shapermc_ecumenical_altar_mp_urbaneastern
D:2:      layout_rooms
D:3:      layout_rooms, mainiacjoe_overflow_surrounded_room,
          roderic_filled_cross, minmay_door_square,
          wander_ebering_terrifying_dragon_lair

Skill      XL: |  1  2  3 |
---------------+----------+-----
Axes           | 3 4 |  4.3
Fighting       | 4 |  4.1
Armour         | 4 |  4.0
Shields        | |  3.5

Action                   |  1- 3 |  4- 6 || total
-------------------------+-------+-------++-------
Melee: War axe           |    99 |    14 ||   113
Throw: Javelin           |       |     4 ||     4
  Use: Scroll            |     7 |       ||     7
       Potion            |     4 |     2 ||     6
Armor: Scale mail        |    55 |     5 ||    60
Dodge: Dodged            |    43 |     8 ||    51
Block: Buckler           |    15 |     3 ||    18

Table legend: (Time is in decaauts)
 A = Elapsed time spent in this place.
 B = Non-inter-level travel time spent in this place.
 C = Inter-level travel time spent in this place.
 D = Time resting spent in this place.
 E = Time spent auto-exploring this place.
 F = Levels seen in this place.
 G = Mean time per level.
                   A        B        C        D        E       F      G
               +--------+--------+--------+--------+--------+-----+--------+
         Total |   2346 |   2263 |     83 |    435 |   1495 |   3 |  782.0 |
       Dungeon |   2346 |   2263 |     83 |    435 |   1495 |   3 |  782.0 |
               +--------+--------+--------+--------+--------+-----+--------+

Top non-repeatable levels by time:
     D:1: 1508 daAuts
     D:2: 489 daAuts
     D:3: 348 daAuts
